 Dungeon Crawl Stone Soup version 0.32-a0-607-g64ea0e4 (webtiles) character file.

Game seed: 9783928301186334090

60 KingC897 the Conjurer (level 3, -1/19 HPs)
             Began as a Deep Elf Conjurer on Feb 23, 2024.
             Slain by a ribbon worm (5 damage)
             ... on level 2 of the Dungeon on Mar 3, 2024.
             The game lasted 00:14:28 (1248 turns).

KingC897 the Conjurer (Deep Elf Conjurer)           Turns: 1248, Time: 00:14:30

Health: -1/19      AC:  3    Str:  4    XL:     3   Next: 82%
Magic:  1/10       EV:  6    Int: 24    God:
Gold:   28         SH:  0    Dex: 13    Spells: 8/9 levels left

rFire   . . .        e - +0 whip
rCold   . . .        (no shield)
rNeg    . . .        a - +1 robe
rPois   .            (no helmet)
rElec   .            (no cloak)
rCorr   .            (no gloves)
SInv    .            (no boots)
Will    .....        (no amulet)
Stlth   ++           (no ring)
HPRegen 0.23/turn    (no ring)
MPRegen 0.12/turn

%: no passive effects
@: held
A: no striking features
a: no special abilities


You were on level 2 of the Dungeon.
You visited 1 branch of the dungeon, and saw 2 of its levels.

You collected 28 gold pieces.

Inventory:

Hand Weapons
 e - a +0 whip (weapon)
Armour
 a - a +1 robe (worn)
Scrolls
 d - a scroll of enchant armour
Potions
 b - a potion of resistance {unknown}


   Skills:
 + Level 3.1 Dodging
 + Level 2.7 Stealth
 + Level 0.4 Unarmed Combat
 * Level 3.9 Spellcasting
 + Level 5.1 Conjurations


You had 8 spell levels left.
You knew the following spells:

 Your Spells              Type           Power      Damage    Failure   Level
a - Magic Dart            Conj           100%       1d8       1%          1

Your spell library contained the following spells:

 Spells                   Type           Power      Damage    Failure   Level
 Searing Ray              Conj           58%        2d6       1%          2
 Static Discharge         Conj/Air       32%        3-5/arc   5%          2
 Dazzling Flash           Conj/Hex       32%        N/A       11%         3
 Fulminant Prism          Conj/Alch      8%         3d7       34%         4
 Iskenderun's Mystic Bla  Conj/Tloc      16%        2d5       34%         4
 Summon Blazeheart Golem  Fire/Summ      4%         N/A       69%         4
 Freezing Cloud           Conj/Ice/Air   6%         6-21      80%         5


Dungeon Overview and Level Annotations

Branches:
Dungeon (2/15)

Altars:


Message History

Press: ? - help, Q - select action Shift-Dir - straight line, f/p - ribbon worm
Aim: a ribbon worm (heavily wounded, 100% to hit)
The magic dart hits the ribbon worm.
The ribbon worm is heavily wounded.
The ribbon worm expels a string of sticky webbing.
The stream of webbing hits you but does no damage.
You are caught in a web!
You struggle to detach yourself from the web.
The ribbon worm barely misses you.
You struggle to detach yourself from the web.
The ribbon worm expels a string of sticky webbing.
The stream of webbing hits you but does no damage.
You are even more entangled.
You struggle to detach yourself from the web.
The ribbon worm bites you.
Aiming: Magic Dart (safe; 1% risk of failure)
Press: ? - help, Q - select action Shift-Dir - straight line, f/p - ribbon worm
Aim: a ribbon worm (moderately wounded, catching its breath, 100% to hit)
The magic dart hits the ribbon worm.
The ribbon worm is severely wounded.
Aiming: Magic Dart (safe; 1% risk of failure)
Press: ? - help, Q - select action Shift-Dir - straight line, f/p - ribbon worm
Aim: a ribbon worm (severely wounded, catching its breath, 100% to hit)
The magic dart hits the ribbon worm.
The ribbon worm is almost dead.
The ribbon worm bites you but does no damage.
Aiming: Magic Dart (safe; 1% risk of failure)
Press: ? - help, Q - select action Shift-Dir - straight line, f/p - ribbon worm
Aim: a ribbon worm (severely wounded, catching its breath, 100% to hit)
The magic dart hits the ribbon worm but does no damage.
The ribbon worm is severely wounded.
The ribbon worm bites you.
* * * LOW HITPOINT WARNING * * *
Aiming: Magic Dart (safe; 1% risk of failure)
Press: ? - help, Q - select action Shift-Dir - straight line, f/p - ribbon worm
Aim: a ribbon worm (severely wounded, catching its breath, 100% to hit)
The magic dart hits the ribbon worm.
The ribbon worm is severely wounded.
The ribbon worm bites you.
You die...

.......####.^........##
......................
>..?.......##.....)##
#.#####.####......# #
#.................#
##.#......####.......#
#.........# #######)#
#.....=w..# #.#
#.##..@...# #.#
#.....)...# #.#
####).....# #.##
#....).# #... ########
###. #. #. ## #


You could see a ribbon worm (catching breath).

Vanquished Creatures
  Terence (D:2)
  4 ball pythons
  4 bats
  5 endoplasms
  A giant cockroach (D:1)
  3 hobgoblins
  4 kobolds
  2 quokkas (D:2)
  3 frilled lizards (D:1)
  2 goblins (D:2)
  4 rats
33 creatures vanquished.

Notes
Turn   | Place    | Note
-------+----------+-------------------------------------------
     0 | D:1      | KingC897 the Deep Elf Conjurer began the quest for the Orb.
     0 | D:1      | Reached XP level 1. HP: 10/10 MP: 6/6
   155 | D:1      | Reached XP level 2. HP: 3/15 MP: 0/8
   701 | D:1      | Got the Encyclopedia of Hurting and the Commander
   704 | D:1      | You fall into a shaft and drop 1 floor!
   762 | D:2      | Reached XP level 3. HP: 19/19 MP: 6/10
   762 | D:2      | Upgraded the game from 0.32-a0-451-g26e3978 to
                  | 0.32-a0-607-g64ea0e4
  1142 | D:2      | Noticed Terence
  1161 | D:2      | Killed Terence
  1162 | D:2      | Reached skill level 5 in Conjurations
  1248 | D:2      | Slain by a ribbon worm

Illustrated notes

Levels and vault maps discovered:
D:1:      dpeg_arrival_boxorama, layout_basic, serial_shops, shop,
          minmay_misc_feat_ornament, st_stairs_13
D:2:      layout_basic, chequers_serial_rivers_room_a, uniq_terence

Skill      XL: |  1  2  3 |
---------------+----------+-----
Dodging        | 3 |  3.1
Conjurations   | 5 |  5.1
Stealth        | |  2.7
Unarmed Combat | |  0.4
Spellcasting   | |  3.9

Action                     || total
---------------------------++-------
  Melee: Unarmed           ||    20
         Whip              ||    27
   Cast: Magic Dart        ||    67
    Use: Potion            ||     6
         Scroll            ||     2
 Armour: Robe              ||    55
  Dodge: Dodged            ||    66

Table legend: (Time is in decaauts)
 A = Elapsed time spent in this place.
 B = Non-inter-level travel time spent in this place.
 C = Inter-level travel time spent in this place.
 D = Time resting spent in this place.
 E = Time spent auto-exploring this place.
 F = Levels seen in this place.
 G = Mean time per level.
                   A        B        C        D        E       F      G
               +--------+--------+--------+--------+--------+-----+--------+
         Total |   1262 |   1262 |      0 |    343 |      0 |   2 |  631.0 |
       Dungeon |   1262 |   1262 |      0 |    343 |      0 |   2 |  631.0 |
               +--------+--------+--------+--------+--------+-----+--------+

Top non-repeatable levels by time:
     D:1: 716 daAuts
     D:2: 546 daAuts
